 Dungeon Crawl Stone Soup version 0.30.1-4-g462c640d31 (webtiles) character file.

Game seed: 16202648585077469232

568585 bonety the Conqueror (level 25, -2/228 (231) HPs)
             Began as a Minotaur Berserker on Aug 29, 2023.
             Was the Champion of Trog.
             Killed from afar by an orb of fire (4 damage)
             ... with a fireball
             ... on level 5 of the Realm of Zot on Aug 30, 2023.
             The game lasted 04:07:49 (58214 turns).

bonety the Conqueror (Minotaur Berserker)          Turns: 58214, Time: 04:07:50

HP:   -2/228 (231)  AC: 27    Str: 38 (39) XL:     25   Next: 57%
MP:   0/17          EV: 14    Int:  1 (2)  God:    Trog [******]
Gold: 8297          SH: 20    Dex:  6 (8)  Spells: 24/24 levels left

rFire   + . .        Q - +7 broad axe "Wuheox" {heavy, Fragile +Blink rElec Int-4}
rCold   + + +        R - +4 kite shield {rC+}
rNeg    + . .        F - +0 plate armour of Kokhabli {rElec rF+ Str+3 Int+4}
rPois   +            w - +0 hat of the Forging Gods {Will+++ Regen+ Str+8 Dex-2}
rElec   +            n - +2 cloak {Will+}
rCorr   .            Z - +0 pair of gloves of the Griffon {rPois rN+}
SInv    .            r - +0 pair of boots
Will    +++++        O - amulet of Mefuo {Spirit -Cast rPois rC+++ Stlth-} Stlth
                     W - ring of flight
HPRegen 1.00/turn    g - +4 ring of protection
MPRegen 0.15/turn

%: no spellcasting, guardian spirit
@: silenced, strong-willed, flying, regenerating, studying 4 skills, lightly
drained
A: horns 2, retaliatory headbutt, hooves 1, clumsy 1, deformed body,
deterioration 2, dopey 1, frail 1, low MP 2, screaming 2, electricity
resistance, inhibited regeneration, teleportitis 1, weak 2, subdued magic 1,
inability to drink after injury 1, noise suppression
}: 3/15 runes: barnacled, silver, gossamer
a: Renounce Religion, Evoke Blink


You were on level 5 of the Realm of Zot.
You worshipped Trog.
Trog was exalted by your worship.
You visited 9 branches of the dungeon, and saw 47 of its levels.
You visited the Abyss 1 time.

You collected 9033 gold pieces.
You spent 736 gold pieces at shops.

Inventory:

Hand Weapons
 E - the +8 broad axe of Trog's Wrath {heavy, rN+ rCorr}
   (Trog gifted it to you on level 1 of the Shoals)

   rN:        It protects you from negative energy.
   rCorr:     It protects you from acid and corrosion.
 Q - the +7 broad axe "Wuheox" (weapon) {heavy, Fragile +Blink rElec Int-4}
   (Trog gifted it to you on level 4 of the Vaults)

   Int:       It affects your intelligence (-4).
   rElec:     It insulates you from electricity.
   +Blink:    It lets you blink.
   Fragile:   It will be destroyed if unequipped.
Armour
 n - a +2 cloak of willpower (worn)
 r - a +0 pair of boots (worn)
 t - a scarf of harm
 w - the +0 hat of the Forging Gods (worn) {Will+++ Regen+ Str+8 Dex-2}
   (You found it on level 4 of the Spider Nest)

   Str:       It affects your strength (+8).
   Dex:       It affects your dexterity (-2).
   Regen:     It increases your rate of health regeneration.
   Will:      It greatly increases your willpower.
 F - the +0 plate armour of Kokhabli (worn) {rElec rF+ Str+3 Int+4}
   (You found it on level 8 of the Dungeon)

   Str:       It affects your strength (+3).
   Int:       It affects your intelligence (+4).
   rF:        It protects you from fire.
   rElec:     It insulates you from electricity.
 P - a +1 cloak of poison resistance
 R - a +4 kite shield of cold resistance (worn)
 S - a +2 hat of see invisible
 Z - the +0 pair of gloves of the Griffon (worn) {rPois rN+}
   (You found it on level 1 of the Orcish Mines)

   rPois:     It protects you from poison.
   rN:        It protects you from negative energy.
Jewellery
 g - a +4 ring of protection (right hand)
 v - the amulet "Wagog" {Regen+ Str+3 Int+6}
   (You found it on level 3 of the Depths)

   [amulet of regeneration]

   Str:       It affects your strength (+3).
   Int:       It affects your intelligence (+6).
   Regen:     It increases your rate of health regeneration.
 x - the amulet "Peberibu" {rPois Regen+ Dex+4 Stlth-}
   (You took it off a centaur warrior on level 8 of the Dungeon)

   [amulet of regeneration]

   Dex:       It affects your dexterity (+4).
   rPois:     It protects you from poison.
   Regen:     It increases your rate of health regeneration.
   Stlth:     It makes you less stealthy.
 z - a ring of see invisible
 A - the ring "Suoluw" {rElec rC+ rN+ Str+3}
   (You took it off a deep elf sorcerer on level 3 of the Elven Halls)

   [ring of positive energy]

   Str:       It affects your strength (+3).
   rC:        It protects you from cold.
   rElec:     It insulates you from electricity.
   rN:        It protects you from negative energy.
 D - the ring of Beogh's Vengeance {Ice +Blink Will+}
   (You took it off Josephina on level 4 of the Depths)

   [ring of ice]

   It enhances your ice magic.
   rF:        It makes you vulnerable to fire.
   rC:        It protects you from cold.
   +Blink:    It lets you blink.
   Will:      It increases your willpower.
 G - an amulet of magic regeneration
 K - a ring of resist corrosion
 L - a ring of positive energy
 O - the amulet of Mefuo (around neck) {Spirit -Cast rPois rC+++ Stlth-}
   (You found it on level 2 of the Shoals)

   [amulet of guardian spirit]

   It causes incoming damage to be divided between your reserves of health and
   magic.
   rC:        It renders you almost immune to cold.
   rPois:     It protects you from poison.
   -Cast:     It prevents spellcasting.
   Stlth:     It makes you less stealthy.
 T - a ring of poison resistance
 W - a ring of flight (left hand)
 X - the amulet "Oluob" {Reflect Harm SH+5}
   (You took it off a merfolk siren on level 4 of the Shoals)

   [amulet of reflection]

   It reflects blocked missile attacks.
   SH:        It affects your SH (+5).
   Harm:      It increases damage dealt and taken.
Wands
 e - a wand of mindburst (24)
 f - a wand of iceblast (12)
 i - a wand of digging (6)
 B - a wand of paralysis (7)
 I - a wand of polymorph (13)
 J - a wand of light (11)
 Y - a wand of flame (38)
Scrolls
 a - 2 scrolls of enchant armour
 b - 4 scrolls of silence
 d - 49 scrolls of identify
 o - 7 scrolls of blinking
 p - 20 scrolls of teleportation
 u - 3 scrolls of magic mapping
 y - 9 scrolls of fog
 H - 6 scrolls of fear
 M - 9 scrolls of enchant weapon
 V - 5 scrolls of poison
Potions
 c - 23 potions of curing
 j - 10 potions of cancellation
 k - 3 potions of magic
 l - 7 potions of might
 m - 6 potions of haste
 s - 9 potions of ambrosia
 C - 4 potions of heal wounds
 N - 2 potions of flight
 U - a potion of resistance


   Skills:
 O Level 27 Fighting
 - Level 19.0 Axes
 - Level 22.8 Armour
 * Level 25.1 Dodging
 O Level 27 Shields


You had 24 spell levels left.
You didn't know any spells.
Your spell library was empty.

Dungeon Overview and Level Annotations

Branches:
Dungeon (15/15)            Temple (0/1) D:7            Lair (5/5) D:9
 Shoals (4/4) Lair:2       Spider (4/4) Lair:2        Slime (0/5) Lair:5
    Orc (2/2) D:9             Elf (3/3) Orc:2        Vaults (5/5) D:14
  Crypt (0/3) Vaults:2     Depths (4/4) D:15            Zot (5/5) Depths:4

Altars:
Cheibriados
Dithmenos
Elyvilon
Kikubaaqudgha
Makhleb
Nemelex Xobeh
Okawaru
Qazlal
Sif Muna
Uskayaw
Vehumet
Wu Jian
Xom
Yredelemnul
Zin
The Shining One
Lugonu

Shops:
D:1 [   D:12 ?   Orc:1 =   Orc:2 (:**[((*(   Elf:1 ?   Shoals:4 *   Vaults:1 =
Vaults:4 (   Depths:1 =

Portals:
Hell: Depths:1 Depths:2 Depths:3 Depths:4
Abyss: D:14 Depths:1 Depths:3
Pandemonium: Depths:2
Ziggurat: Depths:3
Trove: Vaults:4 (give 9 potions of haste)

Annotations:
Elf:2 6 runed translucent doors


Innate Abilities, Weirdness & Mutations

You have a pair of horns on your head.
You reflexively headbutt those who attack you in melee.
You have large cloven feet.
You are clumsy. (Dex -2)
Armour fits poorly on your strangely shaped body.
Your body often deteriorates upon taking damage.
You are dopey. (Int -2)
You are frail. (-10% HP)
Your magical capacity is very low. (-20% MP)
You frequently scream uncontrollably at your foes.
You are resistant to electric shocks. (rElec)
You do not regenerate when monsters are visible.
You are occasionally teleported next to monsters.
You are very weak. (Str -4)
Your spells are a little easier to cast, but a little less powerful.
You occasionally lose the ability to drink potions when taking damage.
You passively dampen the noise of your surroundings.


Message History

Your stone giant dies!
Your stone giant's corpse disappears in a puff of smoke!
The fireball engulfs you!! You resist.
* * * LOW HITPOINT WARNING * * *
The fireball engulfs the orb of fire.
The orb of fire completely resists.
You miss the orb of fire. Your headbutt misses the orb of fire.
The orb of fire is severely damaged.
You miss the orb of fire.
The orb of fire is severely damaged.
An orb of fire comes into view.
The orb of fire glows red.
The fireball explodes!
The fireball engulfs you!! You resist.
* * * LOW HITPOINT WARNING * * *
The fireball engulfs the orb of fire.
The orb of fire completely resists.
As you read the scroll of silence, it crumbles to dust.
A profound silence engulfs you.
The orb of fire emits a lurid red light.
Strange energies course through your body.
Your connection to magic feels subdued.
Magic scrolls do not work when you're silenced!
Okay, then.
You miss the orb of fire.
The orb of fire is severely damaged.
The orb of fire glows red.
The fireball explodes!
The fireball engulfs you!! You resist.
* * * LOW HITPOINT WARNING * * *
Your body deteriorates!
You feel clumsy.
The fireball engulfs the orb of fire.
The orb of fire completely resists.
The orb of fire glows red.
The fireball explodes!
The fireball engulfs you!! You resist.
* * * LOW HITPOINT WARNING * * *
Your body deteriorates!
You feel weakened.
The fireball engulfs the orb of fire.
The orb of fire completely resists.
Aiming: Polymorph
Press: ? - help, Shift-Dir - straight line, f - orb of fire
Aim: an orb of fire (silenced, severely damaged, unaffected by silence, infinite will)
The orb of fire is unaffected.
The orb of fire glows red.
The fireball explodes!
The fireball engulfs you. You resist.
You die...

,,,,***,,,,,,,,,,,,,,,,^,,,*
,,,** *,................,,^*
,,,* *^.......^........,,,*
,,** *,................,,,*
,,* *,..............^.,,,*
,,** *,^......*........,^,*
,,,* **............^...,,**
,,,** *#...............,**
,,,,* *#......@*......**
***** ###############*
#....###### #.........#
#....####.## #..<.#.....#
#...[8.....# ****
#..[)......# ,,,*
#......⌠)8.#


You could see 2 orbs of fire.

Vanquished Creatures
  5 orbs of fire
  A dread lich (Vaults:5)
  Mennas (Vaults:5)
  2 ancient liches (Vaults:5)
  Josephina (Depths:4)
  Boris (Vaults:3)
  Xtahua (Vaults:5)
  A curse toe (Zot:5)
  A caustic shrike (Depths:3)
  6 golden dragons
  Nikola (Spider:4)
  the Enchantress (Depths:4)
  Jory (Depths:4)
  A bone dragon (Vaults:2)
  8 tentacled monstrosities
  A walking crystal tome (Depths:4)
  2 walking earthen tomes
  An electric golem (Zot:5)
  Rupert (D:13)
  3 liches
  A titan (Vaults:5)
  12 Orb Guardians
  Asterion (Spider:3)
  5 deep elf blademasters (Elf:3)
  2 deep elf master archers (Elf:3)
  2 walking frostbound tomes (Depths:3)
  6 quicksilver dragons
  An Executioner (D:14)
  A kraken (Shoals:2)
  2 death cobs
  A tentacled starspawn (D:14)
  5 sphinxes
  Gastronok (Lair:3)
  3 tengu reavers
  7 shadow dragons
  Kirke (Shoals:1)
  15 storm dragons
  3 draconian monks
  The ghost of Jisity the Bludgeoner, an adept HuFi of Okawaru (Orc:1)
  2 draconian knights
  8 frost giants
  5 emperor scorpions
  11 fire giants
  4 iron dragons
  13 vault wardens
  A balrug (Depths:2)
  11 deep elf sorcerers
  3 draconian scorchers
  Aizul (Shoals:1)
  8 ghost moths
  2 deep elf elementalists (Elf:3)
  2 broodmothers
  A draconian shifter (Depths:4)
  3 orc warlords
  24 ironbound preservers
  2 draconian annihilators
  15 stone giants
  18 very ugly things
  A stone giant (shapeshifter) (Depths:2)
  2 vampire knights
  4 spriggan defenders (Depths:4)
  6 war gargoyles
  3 ironbound thunderhulks
  5 red draconians
  6 deep elf demonologists
  7 green draconians
  4 black draconians
  A minotaur (Shoals:3)
  Azrael (D:15)
  3 white draconians
  4 purple draconians
  7 dire elephants
  5 spark wasps
  12 deep elf annihilators (Elf:3)
  Snorg (D:10)
  6 yellow draconians
  The ghost of Tali the Cleaver, a journeyman DsCK of Xom (D:14)
  9 deep elf death magi
  6 merfolk javelineers
  10 ettins
  17 yaktaur captains
  5 merfolk impalers
  5 entropy weavers
  3 jiangshi (Depths:1)
  4 fire dragons
  4 great orbs of eyes (Vaults:4)
  4 jorogumos (Spider:3)
  11 deep elf high priests
  A juggernaut simulacrum (Depths:4)
  2 hydras
  3 rakshasas
  38 vault guards
  A quicksilver dragon skeleton (Depths:1)
  3 spriggan air magi
  8 ice dragons
  3 peacekeepers
  7 radroaches
  3 catoblepae
  8 boulder beetles
  2 ogre magi
  An anaconda (shapeshifter) (D:15)
  4 merfolk avatars
  A death knight (D:8)
  3 merfolk aquamancers (Shoals:4)
  6 centaur warriors
  An alligator snapping turtle (Shoals:3)
  9 ironbound frosthearts
  19 dancing weapons
  4 satyrs
  9 two-headed ogres
  3 vampire magi
  7 tengu warriors
  5 deep troll earth magi
  A death yak (Lair:2)
  11 deep troll shamans
  3 orc high priests
  A spriggan berserker (Depths:4)
  Nergalle (Orc:2)
  3 hell knights (Depths:1)
  Sonja (Lair:3)
  12 deep elf knights
  Amaemon (Lair:3)
  4 skysharks
  8 iron trolls
  6 sun moths
  6 pharaoh ants
  A shadow wraith (Vaults:5)
  A titan skeleton (Depths:1)
  A deep troll (shapeshifter) (Vaults:5)
  3 skeletal warriors (D:14)
  10 orb spiders
  An orb spider (shapeshifter) (Depths:1)
  A quicksilver dragon simulacrum (Depths:4)
  14 sea snakes
  81 deep trolls
  2 glowing orange brains
  7 deep elf archers
  A flayed ghost (Depths:3)
  2 phantasmal warriors
  A swamp dragon (Lair:5)
  11 wizards
  9 lindwurms
  8 steelbarb worms
  2 spriggan simulacra (Depths:4)
  14 harpies
  8 necromancers
  15 orc knights
  17 ironbound convokers
  26 wolf spiders
  A large abomination (D:14)
  27 deep elf zephyrmancers
  6 orc sorcerers
  21 deep elf pyromancers
  6 oklob plants
  A mana viper (shapeshifter) (Vaults:5)
  A sphinx skeleton (Depths:1)
  20 ugly things
  7 cyclopes
  26 fauns
  8 moths of wrath
  14 manticores
  Maurice (D:8)
  6 black mambas
  14 merfolk sirens
  8 water nymphs
  4 demonic crawlers
  2 fire giant skeletons (Depths:1)
  11 torpor snails
  19 vault sentinels
  19 elephants
  An ice statue (Lair:3)
  A gargoyle (D:12)
  2 smoke demons (Depths:2)
  5 cane toads
  An orange demon (Lair:3)
  An unseen horror (D:10)
  A freezing wraith (Lair:3)
  8 komodo dragons
  An efreet (D:13)
  A kobold demonologist (D:8)
  5 tengu conjurers
  4 rime drakes
  23 yaktaurs
  10 meliai
  7 trolls
  An ancient zyme (Abyss:3)
  7 tyrant leeches
  33 merfolk
  The ghost of jaiteiro the Magician, a novice SpCj (D:6)
  A tengu simulacrum (Depths:1)
  3 polar bears
  7 wind drakes
  17 tarantellas
  17 hornets
  9 blink frogs
  A raiju (shapeshifter) (Vaults:5)
  18 snapping turtles
  9 dream sheep
  33 jumping spiders
  A human simulacrum (Vaults:4)
  A small abomination (Abyss:3)
  A vampire (D:12)
  19 slime creatures
  5 air elementals
  7 spriggans (Depths:4)
  4 shadows
  31 culicivoras
  2 wyverns
  5 wraiths
  A wyvern (shapeshifter) (Depths:4)
  A ynoxinul (Abyss:3)
  18 water elementals
  5 basilisks
  7 fire elementals
  4 hogs (Shoals:1)
  42 yaks
  20 humans (D:14)
  51 redbacks
  2 steam dragons (Lair:5)
  10 vampire mosquitoes
  Menkaure (D:7)
  An acid dragon (D:9)
  6 wargs
  2 hell hounds (D:15)
  A two-headed ogre zombie (D:9)
  12 water moccasins
  A floating eye (shapeshifter) (Elf:1)
  Duvessa (D:4)
  45 orc warriors
  2 glowing shapeshifter skeletons
  7 ice beasts
  2 sky beasts (D:7)
  2 human zombies (Vaults:4)
  3 swamp drakes (Lair:5)
  2 black bears (shapeshifter)
  12 wolves
  6 ogres
  4 centaurs
  4 kobold brigands
  5 phantoms
  6 bullfrogs
  Blork the orc (D:4)
  6 earth elementals
  3 gnoll sergeants (D:6)
  5 scorpions
  10 wights
  Dowan (D:4)
  9 killer bees
  4 electric eels
  A howler monkey (D:7)
  25 orc priests
  3 hounds
  A gnoll bouda (D:6)
  An iron imp (Abyss:3)
  3 jellies
  Crazy Yiuf (D:2)
  7 iguanas
  25 orc wizards
  3 sleepcaps
  6 hell rats (Lair:4)
  7 ogre zombies (D:9)
  Robin (D:2)
  9 gnolls
  6 adders
  4 white imps
  2 worms
  A worm (shapeshifter) (Vaults:5)
  4 dart slugs
  74 orcs
  4 ball pythons
  8 endoplasms
  2 giant cockroaches (D:4)
  15 goblins
  11 hobgoblins
  4 jackals (D:1)
  23 kobolds
  4 quokkas
  3 bats (D:1)
  3 frilled lizards
  4 goblin zombies (D:9)
  3 hobgoblin zombies (D:9)
  An orc skeleton (D:9)
  17 orc zombies (D:9)
  6 rats
  2 rat zombies (D:3)
  4 tentacles (Shoals:2)
1995 creatures vanquished.

Vanquished Creatures (collateral kills)
  A cacodemon (D:14)
  A stone giant (Vaults:5)
  A hellion (D:14)
  A raiju (D:14)
4 creatures vanquished.

Vanquished Creatures (others)
  A draconian knight (Zot:5)
  A draconian shifter (Zot:2)
  A white draconian (Zot:2)
  An entropy weaver (Spider:4)
  A merfolk impaler (Shoals:4)
  A boulder beetle (Spider:4)
  2 orb spiders (Spider:4)
  A wolf spider (Spider:4)
  A demonic crawler (Spider:4)
  A tarantella (Spider:4)
  A human (Shoals:1)
  2 redbacks (Spider:4)
  A butterfly (Depths:1)
  2 starspawn tentacles (D:14)
  4 tentacles (Shoals:2)
21 creatures vanquished.

Grand Total: 2020 creatures vanquished

Notes
Turn   | Place    | Note
-------+----------+-------------------------------------------
     0 | D:1      | bonety the Minotaur Berserker began the quest for the Orb.
     0 | D:1      | Reached XP level 1. HP: 19/19 MP: 0/0
   169 | D:1      | Reached XP level 2. HP: 19/27 MP: 1/1
   308 | D:1      | Found Zotrofa's Antique Armour Shoppe.
   362 | D:1      | Reached XP level 3. HP: 30/33 MP: 2/2
   534 | D:1      | Reached ** piety under Trog
   803 | D:2      | Noticed Robin
   901 | D:1      | HP: 1/49 [goblin/+0 dagger[Robin] (3)]
  1327 | D:2      | Killed Robin
  1328 | D:2      | Reached XP level 4. HP: 41/41 MP: 3/3
  2047 | D:2      | Found a runed translucent door.
  2048 | D:2      | Noticed Crazy Yiuf
  2153 | D:2      | Killed Crazy Yiuf
  2154 | D:2      | Reached skill level 5 in Axes
  3518 | D:3      | Reached XP level 5. HP: 47/47 MP: 4/4
  3682 | D:3      | Found a radiant altar of Vehumet.
  3809 | D:3      | Found an ancient bone altar of Kikubaaqudgha.
  3985 | D:4      | Reached skill level 5 in Fighting
  4173 | D:4      | Reached *** piety under Trog
  4174 | D:4      | Reached XP level 6. HP: 56/56 MP: 5/5
  4339 | D:4      | Noticed Dowan
  4339 | D:4      | Noticed Duvessa
  4347 | D:4      | Killed Duvessa
  4350 | D:4      | Killed Dowan
  4564 | D:4      | Found a glowing drain.
  4750 | D:4      | Found an ornate altar of the Wu Jian Council.
  4898 | D:4      | Noticed Blork the orc
  4904 | D:4      | Killed Blork the orc
  4905 | D:4      | Reached XP level 7. HP: 63/63 MP: 6/6
  5300 | D:5      | Entered Level 5 of the Dungeon
  5307 | D:4      | Gained mutation: You have large cloven feet. [potion of
                  | mutation]
  5307 | D:4      | Gained mutation: You are resistant to electric shocks.
                  | (rElec) [potion of mutation]
  5307 | D:4      | Gained mutation: Your spells are a little harder to cast,
                  | but a little more powerful. [potion of mutation]
  6021 | D:5      | Found a shadowy altar of Dithmenos.
  6373 | D:5      | Reached XP level 8. HP: 62/73 MP: 7/7
  6669 | D:5      | Found a shimmering altar of Xom.
  6821 | D:6      | Reached skill level 10 in Axes
  7871 | D:6      | Found a transporter.
  7919 | D:6      | Identified the +5 ring mail of the Land of Plenty {rElec
                  | rPois}
  7937 | D:6      | Found a transporter.
  7951 | D:6      | Noticed jaiteiro's ghost (novice SpCj)
  8001 | D:6      | Reached XP level 9. HP: 68/82 MP: 8/8
  8054 | D:6      | Killed jaiteiro's ghost
  8676 | D:7      | Found a staircase to the Ecumenical Temple.
  8945 | D:7      | Noticed Menkaure
  8951 | D:7      | Killed Menkaure
  8952 | D:7      | Reached skill level 10 in Fighting
 10445 | D:8      | Reached XP level 10. HP: 93/94 MP: 9/9
 10499 | D:8      | Noticed a two-headed ogre
 10499 | D:8      | Noticed a centaur warrior
 10503 | D:8      | Found a runed translucent door.
 10514 | D:8      | Killed a centaur warrior
 10518 | D:8      | Killed a two-headed ogre
 10526 | D:8      | Reached skill level 15 in Axes
 10661 | D:8      | Noticed a death knight
 10661 | D:8      | Noticed a tengu warrior
 10663 | D:8      | Noticed a deep elf pyromancer
 10669 | D:8      | Gained mutation: You are weak. (Str -2) [a neqoxec]
 10670 | D:8      | Gained mutation: Your magical capacity is low. (-10% MP) [a
                  | neqoxec]
 10677 | D:8      | Noticed a sun demon
 10690 | D:8      | Killed a death knight
 11074 | D:8      | Identified the +3 flail "Fiejou" {spect, Fragile rPois
                  | rCorr Dex-4}
 11074 | D:8      | Identified the amulet "Peberibu" {rPois Regen+ Dex+4
                  | Stlth-}
 11074 | D:8      | Noticed a centaur warrior
 11088 | D:8      | Killed a centaur warrior
 11094 | D:8      | Reached XP level 11. HP: 94/104 MP: 8/8
 11226 | D:8      | Identified the +3 mace "Ida Metex" {flame, *Corrode rPois
                  | Int-3 SInv}
 11230 | D:8      | Identified the +0 plate armour of Kokhabli {rElec rF+ Str+3
                  | Int+4}
 11274 | D:8      | Killed a deep elf pyromancer
 11351 | D:8      | Noticed Maurice
 11363 | D:8      | Killed Maurice
 11385 | D:8      | Killed a tengu warrior
 11646 | D:8      | Found a sparkling altar of Nemelex Xobeh.
 11691 | D:8      | Found a snail-covered altar of Cheibriados.
 11947 | D:9      | Reached **** piety under Trog
 11956 | D:9      | Found a staircase to the Orcish Mines.
 12317 | D:9      | Found a glowing silver altar of Zin.
 12365 | D:9      | Found a basalt altar of Yredelemnul.
 12426 | D:9      | Found a staircase to the Lair.
 12545 | D:9      | Reached ***** piety under Trog
 12689 | D:10     | Entered Level 10 of the Dungeon
 13043 | D:10     | Noticed Snorg
 13052 | D:10     | Killed Snorg
 13350 | D:10     | Found a stormy altar of Qazlal.
 13370 | D:10     | Found an iron altar of Okawaru.
 13474 | D:10     | Noticed a two-headed ogre
 13482 | D:10     | Killed a two-headed ogre
 13625 | D:11     | Noticed a boulder beetle
 13639 | D:11     | Killed a boulder beetle
 13640 | D:11     | Reached XP level 12. HP: 110/116 MP: 9/9
 13713 | D:11     | Received a gift from Trog
 13834 | D:11     | Identified the +1 ring mail of Hairiness {rF+ rN+}
 13962 | D:11     | Found a snail-covered altar of Cheibriados.
 14169 | Lair:1   | Entered Level 1 of the Lair of Beasts
 14169 | Lair:1   | Noticed a boulder beetle
 14184 | Lair:1   | Killed a boulder beetle
 14470 | Lair:1   | Reached skill level 5 in Armour
 14880 | Lair:2   | Found a gate leading to a gauntlet.
 15012 | Lair:2   | Found a hole to the Spider Nest.
 15043 | Lair:2   | Noticed a death yak
 15048 | Lair:2   | Killed a death yak
 15051 | Lair:2   | Reached skill level 5 in Shields
 15181 | Lair:2   | Found a staircase to the Shoals.
 16060 | Lair:3   | Reached XP level 13. HP: 124/125 MP: 10/10
 16062 | Lair:3   | Reached skill level 15 in Fighting
 16400 | Lair:3   | Noticed Gastronok
 16417 | Lair:3   | Killed Gastronok
 16597 | Lair:3   | Noticed Sonja
 16618 | Lair:3   | Killed Sonja
 16762 | Lair:3   | Noticed Amaemon
 16779 | Lair:3   | Killed Amaemon
 17336 | Lair:4   | Found the +4 moon troll leather armour {Spirit, Regen++
                  | MP+5}
 17346 | Lair:4   | Reached skill level 10 in Armour
 17373 | Lair:4   | You fall into a shaft and drop 1 floor!
 17373 | Lair:5   | Entered Level 5 of the Lair of Beasts
 17485 | Lair:5   | Reached skill level 10 in Shields
 17599 | Lair:5   | Found a runed translucent door.
 17855 | Lair:5   | Paralysed by a hornet for 3 turns
 17951 | Lair:5   | Reached XP level 14. HP: 108/136 MP: 11/11
 18247 | Lair:5   | Received a gift from Trog
 18906 | Lair:5   | Found a staircase to the Slime Pits.
 20296 | D:12     | Found Qysong's Magic Scroll Emporium.
 20304 | D:12     | Bought a scroll of enchant weapon for 90 gold pieces
 20304 | D:12     | Bought a scroll of teleportation for 36 gold pieces
 20304 | D:12     | Bought a scroll of enchant armour for 90 gold pieces
 20401 | D:12     | Received a gift from Trog
 20519 | D:13     | Noticed Rupert
 20536 | D:13     | Killed Rupert
 21300 | D:14     | Noticed an Executioner
 21307 | D:14     | Noticed a red very ugly thing
 21307 | D:14     | Noticed a cacodemon
 21309 | D:14     | Noticed a tentacled starspawn
 21312 | D:14     | Noticed Tali's ghost (journeyman DsCK)
 21318 | D:14     | Found a one-way gate to the infinite horrors of the Abyss.
 21454 | D:14     | Found a transporter.
 21477 | D:14     | Found a transporter.
 21604 | D:14     | Identified the +9 quarterstaff of Equivalence {heavy,
                  | Fragile rElec rN+++ Str-2}
 21835 | D:14     | Reached XP level 15. HP: 146/146 MP: 4/12
 21925 | D:14     | Found a gate to the Vaults.
 22606 | D:14     | Killed an Executioner
 22608 | D:14     | Killed a tentacled starspawn
 22612 | D:14     | Killed Tali's ghost
 22613 | D:14     | Reached skill level 15 in Armour
 22623 | D:14     | Identified a scroll of acquirement
 22813 | D:15     | Entered Level 15 of the Dungeon
 22851 | D:15     | Found a staircase to the Depths.
 22893 | D:15     | Reached skill level 15 in Shields
 23064 | D:15     | Noticed Azrael
 23074 | D:15     | Received a gift from Trog
 23576 | Orc:1    | Entered Level 1 of the Orcish Mines
 23753 | Orc:1    | Found Xairitas's Jewellery Boutique.
 23793 | Orc:1    | Found a transporter.
 23795 | Orc:1    | Noticed Jisity's ghost (adept HuFi)
 23828 | Orc:1    | Found a transporter.
 23875 | Orc:1    | Identified the +9 great mace of Risk Management {flame,
                  | rElec rN++ Int-2 Stlth+}
 24265 | Orc:1    | Identified the +0 pair of gloves of the Griffon {rPois rN+}
 24275 | Orc:1    | Killed Jisity's ghost
 24355 | Orc:2    | Entered Level 2 of the Orcish Mines
 24357 | Orc:2    | Found Hanior's Antique Weapon Shoppe.
 24450 | Orc:2    | Noticed Nergalle
 24452 | Orc:2    | Received a gift from Trog
 24465 | Orc:2    | Killed Nergalle
 24546 | Orc:2    | Found Zirag's Book Emporium.
 24715 | Orc:2    | Found Avocifur's Weapon Boutique.
 24872 | Orc:2    | Found Yraese Fenau's General Store.
 25069 | Orc:2    | Found Kunweumy's Antique Weapon Emporium.
 25092 | Orc:2    | Found Lufumi's General Store.
 25098 | Orc:2    | Bought a scroll of blinking for 112 gold pieces
 25106 | Orc:2    | Found Moeriet's Antique Armour Emporium.
 25240 | Orc:2    | Found Racrim's Antique Weapon Emporium.
 25243 | Orc:2    | Found a staircase to the Elven Halls.
 25285 | Orc:2    | Found Qywel's General Store.
 25560 | Spider:1 | Entered Level 1 of the Spider Nest
 25637 | Spider:1 | Received a gift from Trog
 25705 | Spider:1 | Noticed an emperor scorpion
 25707 | Spider:1 | Noticed an emperor scorpion
 25716 | Spider:1 | Killed an emperor scorpion
 25717 | Spider:1 | Reached XP level 16. HP: 157/157 MP: 13/13
 27671 | Spider:2 | Reached skill level 5 in Dodging
 27790 | Spider:2 | Received a gift from Trog
 28921 | Spider:3 | Paralysed by a jorogumo for 2 turns
 29012 | Spider:3 | Noticed Asterion
 29408 | Spider:3 | Killed Asterion
 29844 | Spider:3 | Received a gift from Trog
 29944 | Spider:3 | Reached XP level 17. HP: 166/166 MP: 14/14
 30613 | Spider:4 | Entered Level 4 of the Spider Nest
 30613 | Spider:4 | Noticed Nikola
 30632 | Spider:4 | Killed Nikola
 31948 | Spider:4 | Received a gift from Trog
 32205 | Spider:4 | Identified the +0 hat of the Forging Gods {Will+++ Regen+
                  | Str+8 Dex-2}
 32211 | Spider:4 | Identified the +0 pair of gloves of Taript {Regen+ Int+3}
 32232 | Spider:4 | Got a gossamer rune of Zot
 32950 | Shoals:1 | Entered Level 1 of the Shoals
 33284 | Shoals:1 | Noticed Aizul
 33295 | Shoals:1 | Killed Aizul
 33361 | Shoals:1 | Identified the +8 broad axe of Trog's Wrath {heavy, rN+
                  | rCorr} (Trog gifted it to you on level 1 of the Shoals)
 33361 | Shoals:1 | Received a gift from Trog
 33473 | Shoals:1 | Noticed Kirke
 33481 | Shoals:1 | Killed Kirke
 34153 | Shoals:2 | Noticed a kraken
 34161 | Shoals:2 | Killed a kraken
 34162 | Shoals:2 | Reached skill level 10 in Dodging
 34258 | Shoals:2 | Identified the amulet of Mefuo {Spirit -Cast rPois rC+++
                  | Stlth-}
 34518 | Shoals:3 | Reached XP level 18. HP: 149/176 MP: 11/15
 34627 | Shoals:3 | Received a gift from Trog
 34898 | Shoals:3 | Found a hide-covered altar of Uskayaw.
 34908 | Shoals:3 | Identified the +4 longbow "Acong" {speed, Fly rCorr SInv}
 35256 | Shoals:3 | Reached ****** piety under Trog
 35565 | Shoals:3 | Received a gift from Trog
 35826 | Shoals:4 | Entered Level 4 of the Shoals
 35826 | Shoals:4 | Found Secsyadea's Superlative Supplies.
 36321 | Abyss:3  | Cast into level 3 of the Abyss (merfolk impaler)
 36401 | Abyss:3  | Found a corrupted altar of Lugonu.
 36459 | Shoals:4 | Escaped the Abyss
 37044 | Shoals:4 | Identified the +0 long sword of Isaisirch {venom, rPois
                  | Stlth+}
 37044 | Shoals:4 | Identified the amulet "Oluob" {Reflect Harm SH+5}
 37388 | Shoals:4 | Got a barnacled rune of Zot
 37784 | Vaults:1 | Entered Level 1 of the Vaults
 37796 | Vaults:1 | Received a gift from Trog
 38120 | Vaults:1 | Found Vosokhlu's Jewellery Shop.
 38159 | Vaults:1 | Reached XP level 19. HP: 182/185 MP: 14/16
 38411 | Vaults:1 | Received a gift from Trog
 39192 | Vaults:1 | Acquired 693 gold pieces
 39661 | Vaults:2 | Noticed a bone dragon
 39667 | Vaults:2 | Killed a bone dragon
 39969 | Vaults:2 | Found a staircase to the Crypt.
 40776 | Vaults:3 | Found a crumbling gateway.
 40904 | Vaults:3 | Noticed Boris
 40912 | Vaults:3 | Killed Boris
 41019 | Vaults:3 | Received a gift from Trog
 41596 | Vaults:3 | Reached XP level 20. HP: 190/195 MP: 17/17
 42329 | Vaults:4 | Received a gift from Trog
 42547 | Vaults:4 | Found a magical portal.
 42794 | Vaults:4 | Found Vidibycw's Antique Weapon Boutique.
 42838 | Vaults:4 | Reached skill level 15 in Dodging
 43015 | Vaults:4 | Identified the +7 broad axe "Wuheox" {heavy, Fragile +Blink
                  | rElec Int-4} (Trog gifted it to you on level 4 of the
                  | Vaults)
 43015 | Vaults:4 | Received a gift from Trog
 43308 | Vaults:4 | Found a portal to a secret trove of treasure.
 43799 | Elf:1    | Entered Level 1 of the Elven Halls
 44033 | Elf:1    | Found The Oracle's Delphic Readings.
 44052 | Elf:1    | Bought a scroll of teleportation for 48 gold pieces
 44052 | Elf:1    | Bought 3 scrolls of blinking for 360 gold pieces
 44199 | Elf:1    | Identified the +12 war axe of Egomania {antimagic, Dex+7}
                  | (Trog gifted it to you on level 1 of the Elven Halls)
 44199 | Elf:1    | Received a gift from Trog
 44302 | Elf:1    | Identified the +3 leather armour of Dusmayva {+Blink rElec
                  | rN+ Str+2 Dex-5}
 45067 | Elf:2    | Identified the +8 shortbow of Yderumm {flame, rN+ Will+
                  | Int+4}
 45080 | Elf:2    | Found a frozen archway.
 45123 | Elf:2    | Received a gift from Trog
 45131 | Elf:2    | Reached XP level 21. HP: 179/205 MP: 15/17
 45131 | Elf:2    | Found a runed translucent gate.
 45330 | Elf:2    | Found a runed translucent gate.
 45331 | Elf:2    | Found a runed translucent gate.
 45382 | Elf:2    | Found a runed translucent gate.
 45382 | Elf:2    | Found a runed translucent gate.
 45383 | Elf:2    | Found a runed translucent gate.
 45590 | Elf:3    | Entered Level 3 of the Elven Halls
 45656 | Elf:3    | Paralysed by an air elemental for 1 turns
 45812 | Elf:3    | Identified the ring "Piokuom" {*Slow MP+9 Str+4 Int+3
                  | Slay-4}
 45842 | Elf:3    | Received a gift from Trog
 46250 | Elf:3    | Paralysed by an air elemental for 1 turns
 47160 | Elf:3    | Identified the staff of fire "Waaxirekk" {rF+ rC+ Dex+4}
 47165 | Elf:3    | Identified the +0 robe of Divine Intervention {Int+2}
 47170 | Elf:3    | Identified the ring "Suoluw" {rElec rC+ rN+ Str+3}
 47171 | Elf:3    | Received a gift from Trog
 47173 | Elf:3    | Found a huge runed translucent gate.
 47173 | Elf:3    | Found a huge runed translucent gate.
 47173 | Elf:3    | Found a huge runed translucent gate.
 47173 | Elf:3    | Found a huge runed translucent gate.
 47173 | Elf:3    | Found a huge runed translucent gate.
 47173 | Elf:3    | Found a huge runed translucent gate.
 47173 | Elf:3    | Found a huge runed translucent gate.
 47173 | Elf:3    | Found a huge runed translucent gate.
 47756 | Elf:3    | Identified the ring of Tomorrow {Wiz Str+3}
 47898 | Elf:3    | Identified the +6 dagger of Subterfuge {holy, rN+ MP+9
                  | SInv}
 48109 | Elf:3    | Identified the +0 pair of boots of Gumustet {Str+3}
 48625 | D:15     | Killed Azrael
 48635 | Depths:1 | Entered Level 1 of the Depths
 48656 | Depths:1 | Found a gateway to Hell.
 48661 | Depths:1 | Found a white marble altar of Elyvilon.
 48730 | Depths:1 | Found a shimmering blue altar of Sif Muna.
 48804 | Depths:1 | Found a corrupted altar of Lugonu.
 48859 | Depths:1 | Received a gift from Trog
 48914 | Depths:1 | Reached XP level 22. HP: 217/217 MP: 18/18
 48918 | Depths:1 | Identified the quicksilver dragon scales "Rougryqo" {Will+
                  | Dex+4}
 48961 | Depths:1 | Found Udwogit's Jewellery Boutique.
 49163 | Depths:1 | You are sucked into a shaft and drop 1 floor!
 49227 | Depths:2 | Reached XP level 23. HP: 165/226 MP: 14/19
 49366 | Depths:2 | Identified the +10 battleaxe "Limmer" {elec, Str+2}
 49403 | Depths:2 | Found a one-way gate leading to the halls of Pandemonium.
 49496 | Depths:2 | Found an ornate altar of the Wu Jian Council.
 49649 | Depths:2 | Identified the +6 spear of Dullness {protect, rPois Dex+3}
 49712 | Depths:2 | Found a glowing golden altar of the Shining One.
 49738 | Depths:2 | Found a burning altar of Makhleb.
 50285 | Depths:3 | Received a gift from Trog
 50572 | Depths:3 | Found a one-way gateway to a ziggurat.
 51349 | Depths:3 | Found a runed translucent door.
 51351 | Depths:3 | Noticed a caustic shrike
 51364 | Depths:3 | Killed a caustic shrike
 51384 | Depths:3 | Identified the amulet "Wagog" {Regen+ Str+3 Int+6}
 51393 | Depths:3 | Identified the +0 leather armour "Ocivug" {+Inv rF+ Str+2}
 51538 | Depths:4 | Entered Level 4 of the Depths
 51540 | Depths:4 | Noticed the Enchantress
 51556 | Depths:4 | Killed the Enchantress
 51641 | Depths:4 | Identified the ring of Beogh's Vengeance {Ice +Blink Will+}
 51641 | Depths:4 | Noticed Josephina
 51657 | Depths:4 | Received a gift from Trog
 51665 | Depths:4 | Killed Josephina
 51706 | Depths:3 | HP: 7/232 [daeva/divine providence (15)]
 52264 | Depths:4 | Found a gate to the Realm of Zot.
 52473 | Depths:4 | Noticed Jory
 52482 | Depths:4 | Killed Jory
 53131 | Vaults:5 | Entered Level 5 of the Vaults
 53225 | Vaults:5 | Noticed Mennas
 53241 | Vaults:5 | Reached XP level 24. HP: 243/243 MP: 17/19
 53243 | Vaults:5 | Killed Mennas
 53325 | Vaults:5 | Identified the +3 arbalest "Killer Klown's Foe" {elec,
                  | rElec rF+ Will+++ Stlth-}
 53326 | Vaults:5 | Noticed a dread lich
 53342 | Vaults:5 | Killed a dread lich
 53342 | Vaults:5 | Received a gift from Trog
 53366 | Vaults:5 | Noticed Xtahua
 53556 | Vaults:5 | Noticed an ancient lich
 53572 | Vaults:5 | Killed an ancient lich
 53820 | Vaults:5 | Identified the staff of air "Bohegu" {rElec Will- rCorr
                  | Str+8}
 53889 | Vaults:5 | Identified the staff of fire "Qybrux" {rElec rF+ rN+ rCorr}
 54177 | Vaults:5 | Identified the staff of earth "Qannulev" {Dex+3}
 54181 | Vaults:5 | Received a gift from Trog
 54265 | Vaults:5 | Killed Xtahua
 54266 | Vaults:5 | Reached skill level 27 in Fighting
 54463 | Vaults:5 | Identified the +2 robe of Fashionability {Slay+4}
 54464 | Vaults:5 | Identified the staff of death "Isebakh" {Fly rElec rN+
                  | Int-5 Dex+4}
 54596 | Vaults:5 | Reached skill level 27 in Shields
 54596 | Vaults:5 | Noticed an ancient lich
 54601 | Vaults:5 | Killed an ancient lich
 54701 | Vaults:5 | Identified the staff of cold "Caacw" {Fragile +Blink rC+
                  | Int+3}
 54844 | Vaults:5 | Got a silver rune of Zot
 55378 | Zot:1    | Entered Level 1 of the Realm of Zot
 55468 | Zot:2    | Received a gift from Trog
 55823 | Zot:3    | Reached XP level 25. HP: 249/257 MP: 18/19
 55966 | Zot:3    | Acquired 983 gold pieces
 55967 | Zot:3    | Acquired a manual of Armour
 56291 | Zot:5    | Entered Level 5 of the Realm of Zot
 56440 | Zot:5    | Noticed an orb of fire
 56671 | Zot:5    | Noticed an orb of fire
 56673 | Zot:5    | Gained mutation: You passively dampen the noise of your
                  | surroundings. [an orb of fire]
 56673 | Zot:5    | Gained mutation: You are very weak. (Str -4) [an orb of
                  | fire]
 56679 | Zot:5    | Gained mutation: You are clumsy. (Dex -2) [an orb of fire]
 56679 | Zot:5    | Gained mutation: You occasionally lose the ability to drink
                  | potions when taking damage. [an orb of fire]
 56689 | Zot:4    | Killed an orb of fire
 56692 | Zot:4    | Killed an orb of fire
 57541 | Zot:5    | Noticed an orb of fire
 57607 | Zot:5    | Lost mutation: Your spells are a little harder to cast, but
                  | a little more powerful. [an orb of fire]
 57614 | Zot:5    | Gained mutation: Your magical capacity is very low. (-20%
                  | MP) [an orb of fire]
 57614 | Zot:5    | Identified the +10 scimitar of Crusades {heavy, Str+3 SInv}
 57617 | Zot:5    | Killed an orb of fire
 57707 | Zot:5    | Noticed an orb of fire
 57709 | Zot:5    | Gained mutation: Your body sometimes deteriorates upon
                  | taking damage. [an orb of fire]
 57717 | Zot:5    | Gained mutation: Armour fits poorly on your strangely
                  | shaped body. [an orb of fire]
 57721 | Zot:5    | Gained mutation: Your body often deteriorates upon taking
                  | damage. [an orb of fire]
 57723 | Zot:5    | Killed an orb of fire
 57981 | Zot:5    | Noticed a Killer Klown
 58027 | Zot:5    | Noticed an orb of fire
 58027 | Zot:5    | Gained mutation: You do not regenerate when monsters are
                  | visible. [an orb of fire]
 58033 | Zot:5    | Gained mutation: You occasionally shout uncontrollably at
                  | your foes. [an orb of fire]
 58037 | Zot:5    | Gained mutation: You are occasionally teleported next to
                  | monsters. [an orb of fire]
 58040 | Zot:5    | Gained mutation: You are dopey. (Int -2) [an orb of fire]
 58043 | Zot:5    | Gained mutation: You frequently scream uncontrollably at
                  | your foes. [an orb of fire]
 58046 | Zot:5    | Killed an orb of fire
 58116 | Zot:5    | Received a gift from Trog
 58202 | Zot:5    | Noticed an orb of fire
 58207 | Zot:5    | Gained mutation: You are frail. (-10% HP) [an orb of fire]
 58211 | Zot:5    | Noticed an orb of fire
 58212 | Zot:5    | Gained mutation: Your spells are a little easier to cast,
                  | but a little less powerful. [an orb of fire]
 58213 | Zot:5    | HP: 1/228 [orb of fire/fireball (23)]
 58214 | Zot:5    | Killed from afar by an orb of fire

Illustrated notes

Levels and vault maps discovered:
D:1:      ebering_trefoil_twist, layout_basic, serial_shops,
          nicolae_shop_waterfront, nrook_mini_backslash
D:2:      layout_rooms, uniq_robin, uniq_crazy_yiuf_cottage
D:3:      layout_loops_cross, vehumet_altar_wand_db,
          lemuel_zombie_altar_kikubaaqudgha, minmay_misc_feat_enclosed
D:4:      layout_rooms, mainiacjoe_overflow_alcove_4,
          cheibrodos_sewer_entry_bend, serial_co_window_serial,
          co_window_paths_a, co_window_paths_b, co_window_corner_a,
          co_window_paths_b, co_window_paths_b, co_window_2corner,
          co_window_unsneaky_path_c, co_window_of_opportunity_c,
          co_window_cross_4, co_window_cross_4, uniq_duvessa, uniq_blork_the_orc
D:5:      kennysheep_spiral_hall, layout_cave_pools, kennysheep_mini,
          nicolae_dithmenos_the_darkroom, kennysheep_cluttered_room,
          chequers_serial_rivers_micro_c, minmay_quadrilaterals
D:6:      kennysheep_six_static_rooms, layout_cave_pools,
          gammafunk_ghost_gnarly_gnolls, abandoned_shop, minmay_puff
D:7:      layout_rooms, minmay_temple_entry_poolview, minmay_misc_feat_alley,
          uniq_menkaure
D:8:      minmay_the_grid_triangle_9x9_rhombus_thin
          [minmay_the_grid_triangle_9x9_empty,
          minmay_the_grid_triangle_9x9_prize_insulated,
          minmay_the_grid_triangle_9x9_subtriangle,
          minmay_the_grid_triangle_9x9_dagger], layout_basic, lemuel_tele_altar,
          nemelex_altar_shiori, minivault_25, minmay_misc_feat_four_crosses,
          nicolae_figureground_sparkle, uniq_maurice
D:9:      layout_long_grid, marbit_many_paths, mainiacjoe_overflow_24_doors,
          lair_entry_dummy, zombieorc2_lemuel, solitary_fountain
D:10:     layout_gridville, mainiacjoe_overflow_swirl, item_on_display_a,
          uniq_snorg
D:11:     layout_roguey, chei_slow_surprise
D:12:     layout_cave_pools, serial_park, serial_park_tiny_1,
          serial_park_fountain, serial_park_square3
          [serial_park_minivault_5x5_5], serial_park_tiny_1,
          serial_park_square2, serial_park_tiny_2, serial_shops,
          nicolae_diamond_shop
D:13:     layout_long_grid, uniq_rupert
D:14:     layout_irregular_city, grunt_vaults_entry_tiered,
          gammafunk_ghost_abyssal_escape
D:15:     hangedman_depths_entry_civil_slaughter, layout_rooms,
          chequers_serial_rivers_micro_c, uniq_azrael
Lair:1:   layout_regular_city, dreamdust_mushroom_princess,
          grunt_forest_large_clearings, grunt_megastairs_5, serial_bayou_shore_b
Lair:2:   layout_hall_layers, nicolae_shoals_entry_roost,
          spider_nest_entry_webs, serial_forest, infiniplex_forest_clump_double,
          infiniplex_forest_straight_5, infiniplex_forest_corner_1,
          infiniplex_forest_straight_3, infiniplex_forest_straight_2,
          infiniplex_forest_end_1, gauntlet_entry_generic, st_stairs_13
Lair:3:   layout_gridlike, ice2_lemuel, uniq_gastronok, uniq_sonja, uniq_amaemon
Lair:4:   layout_cave_shapes, grunt_megastairs_3, lemuel_fruit_fields
Lair:5:   guppyfry_lair_end_dragon, layout_cellular_growth, wormcave,
          minmay_slime_entry_oklob_open
Shoals:1: layout_shoals, uniq_kirke, uniq_aizul
Shoals:2: layout_shoals
Shoals:3: layout_shoals, regret_index_shoals_crete
Shoals:4: shoals_end_simple, layout_shoals, nicolae_alphabet_shops
Spider:1: layout_chambers, nicolae_spider_bug_shape
Spider:2: layout_spider_delve, nicolae_spider_solar_radiation
Spider:3: layout_chambers, drop_trap, nicolae_spider_world_wide_web,
          uniq_asterion
Spider:4: spider_rune_water, hangedman_stitches_earthworm, uniq_nikola
Orc:1:    layout_caves, serial_shops, nicolae_shop_real_fake_doors, basic_altar,
          gammafunk_ghost_smash
Orc:2:    grunt_orc_cross, layout_caves, serial_shops, shop,
          nicolae_shop_tiny_statue_garden, nicolae_shop_just_a_little_nook,
          nicolae_shop_window_shopping, shop
Elf:1:    elf_arrival_001, layout_geoelf_grid, minmay_elf_annihilation,
          minivault_25, chequers_big_river, nicolae_elf_stone_circles,
          st_stairs_3, nicolae_nh_oracle_at_delphi, lemuel_upstairs_altar
Elf:2:    elven_hall_of_blades_hangedman_original
          [nicolae_blade_entry_diamond_columns], layout_loops_cross,
          portal_ice_cave_entry_pillars_2, drop_trap,
          nicolae_gammafunk_elf_defective_weapons_storage, uniq_louise
Elf:3:    nooodl_elf_gasket, layout_geoelf_diagonals, nicolae_elf_stone_circles,
          dk_noncrumbling_4, minmay_misc_feat_cross,
          nicolae_elf_double_double_double_trouble
Vaults:1: nicolae_vaults_sightless_eye, nicolae_vaults_storage_closets_1,
          dpeg_vaults_monster_row, nicolae_vaults_door_testing_chamber,
          nicolae_vaults_theta, vaults_standard_mumra_lines,
          hangedman_vaults_slither, ontoclasm_vaults_ring_large,
          nicolae_vaults_theta, vaults_dpeg_ring, layout_vaults_big_cross,
          serial_shops, nicolae_shop_advertising_works
          [nicolae_subvault_shop_adworks]
Vaults:2: nicolae_vaults_closet_pinwheel_3, minmay_crypt_entry_nasty_monster,
          v_pattern_4, vaults_mumra_chevron_long, nicolae_vaults_diamond_1,
          vaults_dpeg_diagonal, nicolae_vaults_angled_halls,
          layout_vaults_quadrants
Vaults:3: portal_desolation_entry_nicolae_forbidding_blocks,
          nicolae_vaults_good_morning_starshine, ontoclasm_vaults_twist,
          hangedman_vaults_corner_blocks, grunt_vaults_funnel,
          nicolae_vaults_network_square, vaults_room_door_ring,
          nicolae_vaults_trapezoid_layered, nicolae_vaults_surprise_closet,
          layout_vaults_chaotic_city, uniq_boris
Vaults:4: mu_enter_wizlab_2, nicolae_vaults_closet_pinwheel_6,
          nicolae_vaults_three_branches, nicolae_vaults_big_angled_halls,
          nicolae_vaults_windows_and_doors_thing, ontoclasm_vaults_eye,
          special_room_vaults [special_room_orc],
          nicolae_vaults_ellipses_ellipsis, nicolae_vaults_double_plus_2,
          hangedman_vaults_maws, nicolae_vaults_storage_room_doors,
          layout_vaults_maze_snakey, enter_trove_5, serial_shops, shop
Vaults:5: serial_shops, uniq_xtahua, uniq_mennas
Depths:1: layout_cave_shapes, nicolae_elyvilon_peaceful_grove, serial_shops,
          nicolae_shop_tiny_waterfront, abyss_entry_flame_altar, hell_entry,
          nicolae_sif_muna_condensation
Depths:2: minmay_curly_fans, layout_gridville, lightli_too_deep,
          lemuel_doored_altar, pan_entry, nzn_life_drinkers,
          minmay_staircase_windowed_large
Depths:3: minmay_gate_of_8, layout_gridlike, enter_ziggurat_d,
          amcnicky_mini_pool_small, hell_entry, abyss_entry,
          hangedman_cracks_in_the_wall, infiniplex_staircase_pillars_1,
          serial_bayou_shore_b
Depths:4: grunt_x_marks_the_spot, layout_gridlike, hangedman_coc_ice_floe,
          st_stairs_8, uniq_josephina, uniq_jory, uniq_enchantress
Zot:1:    layout_basic
Zot:2:    layout_basic
Zot:3:    layout_concentric_octagons, hellmonk_ghost_happy_afterlife,
          grunt_megastairs_2
Zot:4:    hangedman_orp_of_zott, layout_twisted_circle, lemuel_elevator
Zot:5:    layout_cellular_growth, grunt_ministairs_1

Skill      XL: |  1  2  3  4  5  6  7  8  9 10 11 12 13 14 15 16 17 18 19 20 21 22 23 24 25 |
---------------+----------------------------------------------------------------------------+-----
Fighting       | 4 5 6 7 8 10 12 13 14 15 16 17 18 19 20 21 22 23 25 27 | 27.0
Armour         | 3 8 11 14 16 18 19 20 21 22 | 22.8
Axes           | 4 5 6 7 9 11 14 16 18 19 | 19.0
Shields        | 7 11 13 16 17 19 20 21 23 24 26 27 | 27.0
Dodging        | 7 10 12 14 16 17 18 19 22 25 | 25.1

Action                     |  1- 3 |  4- 6 |  7- 9 | 10-12 | 13-15 | 16-18 | 19-21 | 22-24 | 25-27 || total
---------------------------+-------+-------+-------+-------+-------+-------+-------+-------+-------++-------
  Melee: Hand axe          |    76 |   131 |       |       |       |       |       |       |       ||   207
         Headbutt          |     8 |    29 |    38 |   114 |   227 |   295 |   201 |   215 |    64 ||  1191
         Punch             |     1 |     2 |     1 |       |       |       |       |       |       ||     4
         War axe           |       |       |   220 |   455 |   458 |   797 |       |       |       ||  1930
         Broad axe         |       |       |       |       |   443 |   452 |   924 |   771 |   222 ||  2812
 Invoke: Berserk           |     1 |     3 |     3 |     7 |     6 |    10 |     7 |     8 |     3 ||    48
         Trog's Hand       |       |       |     1 |     3 |     6 |     8 |     4 |     9 |     6 ||    37
         Brothers in Arms  |       |       |       |       |     1 |       |       |     1 |     1 ||     3
Ability: Evoke Blink       |       |       |       |       |       |       |     2 |       |       ||     2
  Evoke: Wand              |       |       |       |       |       |       |       |       |     1 ||     1
    Use: Scroll            |       |     4 |    11 |     2 |    12 |     8 |     5 |     5 |     6 ||    53
         Potion            |       |     4 |     8 |       |     2 |     2 |     5 |     3 |     7 ||    31
 Armour: Animal skin       |    10 |       |       |       |       |       |       |       |       ||    10
         Leather armour    |    16 |     3 |       |       |       |       |       |       |       ||    19
         Ring mail         |       |    42 |     8 |       |       |       |       |       |       ||    50
         Skin              |       |       |    18 |       |       |       |       |       |       ||    18
         Plate armour      |       |       |    44 |   263 |   462 |   675 |   342 |   404 |   117 ||  2307
  Dodge: Dodged            |    78 |    66 |    94 |   111 |   211 |   457 |   317 |   357 |   129 ||  1820
  Block: Other             |       |       |    35 |     6 |       |       |       |       |       ||    41
         Buckler           |       |       |       |    25 |       |       |       |       |       ||    25
         Reflection        |       |       |       |     1 |       |       |       |       |       ||     1
         Kite shield       |       |       |       |   124 |   636 |  1260 |   802 |   819 |   231 ||  3872
